 Dungeon Crawl Stone Soup version 0.32-a0-450-g080537f31e (webtiles) character file.

Game seed: 5801662704413520781

63 Aneyh the Chopper (level 4, -1/28 HPs)
             Began as a Tengu Monk on Feb 23, 2024.
             Killed from afar by Natasha (7 damage)
             ... with a magic dart
             ... on level 3 of the Dungeon.
             The game lasted 00:02:49 (1400 turns).

Aneyh the Chopper (Tengu Monk)                      Turns: 1400, Time: 00:02:50

Health: -1/28      AC:  2    Str: 13    XL:     4   Next: 10%
Magic:  5/5        EV: 28    Int: 11    God:
Gold:   84         SH:  0    Dex: 16    Spells: 3/3 levels left

rFire   . . .        a - +4 mace
rCold   . . .        (no shield)
rNeg    . . .        l - +0 robe
rPois   .            (helmet restricted)
rElec   .            (no cloak)
rCorr   .            (no gloves)
SInv    .            (boots unavailable)
Will    .....        (no amulet)
Stlth   +            (no ring)
HPRegen 0.24/turn    (no ring)
MPRegen 0.09/turn

%: acrobat
@: confused, ambrosia-drunk, acrobatic
A: beak, talons 3, acrobatic
a: no special abilities


You were on level 3 of the Dungeon.
You visited 1 branch of the dungeon, and saw 3 of its levels.

You collected 84 gold pieces.

Inventory:

Hand Weapons
 a - a +4 mace (weapon)
 b - a +0 sling
 e - a +0 hand axe
 h - a +0 quarterstaff
Missiles
 f - a throwing net (quivered)
Armour
 d - an orb of light
 l - a +0 robe (worn)
Scrolls
 i - a scroll of teleportation {unknown}
 j - 2 scrolls of identify {unknown}
Potions
 g - 2 potions of brilliance {unknown}
 k - 2 potions of degeneration {unknown}
 m - 2 potions of curing {unknown}
 n - a potion of heal wounds {unknown}
 o - a potion of magic {unknown}


   Skills:
 - Level 3.0 Fighting
 - Level 3.6(4.2) Axes
 + Level 3.0(4.1) Maces & Flails
 - Level 1.6(2.6) Staves
 - Level 3.2 Dodging


You had 3 spell levels left.
You didn't know any spells.
Your spell library contained the following spells:

 Spells                   Type           Power      Damage    Failure   Level
 Necrotise                Necr           0%         1d4       34%         1
 Summon Small Mammal      Summ           0%         N/A       34%         1
 Call Canine Familiar     Summ           0%         N/A       71%         3
 Vampiric Draining        Necr           0%         2d6       71%         3
 Martyr's Knell           Necr/Summ      0%         N/A       98%         4
 Summon Blazeheart Golem  Fire/Summ      0%         N/A       98%         4
 Curse of Agony           Necr           0%         N/A       100%        5


Dungeon Overview and Level Annotations

Branches:
Dungeon (3/15)

Altars:

Shops:
D:1 ([[

Annotations:
D:3 Natasha


Innate Abilities, Weirdness & Mutations

You have a beak for a mouth.
You have claws for feet.
You can magically evade attacks while moving or waiting.


Message History

No target in view!
No target in view!
Natasha, Servant of Life and Death comes into view.
Natasha hisses angrily.
Natasha mumbles some strange words.
Natasha glows brightly for a moment.
Natasha casts a spell.
You shoot a sling bullet.
The sling bullet hits Natasha but does no damage.
There are monsters nearby!
You shoot a sling bullet.
The sling bullet hits Natasha but does no damage.
Natasha stares at you and mumbles some strange words.
The magic dart hits you!
You shoot a sling bullet.
The sling bullet hits Natasha but does no damage.
The cerulean imp closely misses you. Natasha misses you.
The cerulean imp hits you from afar with a +0 spear.
a - a +4 mace (weapon)
Natasha misses you.
You closely miss Natasha. You claw Natasha. Your peck misses Natasha.
Natasha is moderately wounded.
The cerulean imp hits you from afar with a +0 spear.
Natasha claws you.
You closely miss Natasha.
Natasha is moderately wounded.
The cerulean imp hits you from afar with a +0 spear.
* * * LOW HITPOINT WARNING * * *
Natasha claws you.
* * * LOW HITPOINT WARNING * * *
Unknown command.
You are confused.
You feel invigorated.
The cerulean imp hits you from afar with a +0 spear.
* * * LOW HITPOINT WARNING * * *
Natasha closely misses you. Natasha casts a spell at you.
The magic dart hits you!
You die...
Natasha curls up and begins to purr.

... #.# ... . #.#
#.# .# #.# #.#
.###.# #.# #
..##.# #.# ..
#.##.#####.# #.#
#.##.#...@.#...#.#
#.##.#.###.h5....#
###......#
#...#####
#........# ##..#
#.######.......#
#.#...######..##
#.#.#.# >. #.#.#.#
## #.#.#.###


You could see Natasha and a cerulean imp (summoned).

Vanquished Creatures
  2 adders (D:2)
  2 dart slugs (D:1)
  2 ribbon worms (D:2)
  3 ball pythons (D:1)
  4 endoplasms
  2 giant cockroaches
  5 goblins
  3 hobgoblins
  4 kobolds
  2 quokkas
  2 bats (D:1)
  2 frilled lizards
  3 rats
36 creatures vanquished.

Notes
Turn   | Place    | Note
-------+----------+-------------------------------------------
     0 | D:1      | Aneyh the Tengu Monk began the quest for the Orb.
     0 | D:1      | Reached XP level 1. HP: 14/14 MP: 2/2
    48 | D:1      | Found Jioduen's Weapon Shop.
   110 | D:1      | Found Paguq's Antique Armour Shoppe.
   153 | D:1      | Reached XP level 2. HP: 19/19 MP: 3/3
   174 | D:1      | Reached skill level 1 in Staves
   192 | D:1      | Found Gawkeyjaaq's Armour Shoppe.
   360 | D:1      | Reached skill level 1 in Maces & Flails
   476 | D:2      | Reached XP level 3. HP: 19/23 MP: 4/4
   957 | D:2      | Reached XP level 4. HP: 17/28 MP: 5/5
  1392 | D:3      | Noticed Natasha
  1400 | D:3      | Killed from afar by Natasha

Illustrated notes

Levels and vault maps discovered:
D:1:      roadster_arrival_rocket_large, layout_basic, serial_shops,
          nicolae_shop_bloodbath_and_beyond, nicolae_shop_overgrown_old_shop,
          nicolae_shop_crystal
D:2:      layout_loops_cross, kennysheep_generic_room_14
D:3:      layout_basic, tso_oasis_becter, minmay_fractal_squares_gapless_5,
          uniq_pargi, uniq_ijyb, uniq_terence, uniq_natasha

Skill      XL: |  1  2  3  4 |
---------------+-------------+-----
Staves         | 1 |  1.6
Maces & Flails | 1 2 3 |  3.0
Fighting       | |  3.0
Axes           | |  3.6
Dodging        | |  3.2

Action                     |  1- 3 |  4- 6 || total
---------------------------+-------+-------++-------
  Melee: Quarterstaff      |    19 |       ||    19
         Hand axe          |     5 |       ||     5
         Kick              |    10 |     1 ||    11
         Peck              |     7 |       ||     7
         Mace              |    20 |     2 ||    22
   Fire: Sling             |    36 |    10 ||    46
    Use: Potion            |       |     1 ||     1
   Stab: Sleeping          |     1 |       ||     1
 Armour: Robe              |    15 |    10 ||    25
  Dodge: Dodged            |    53 |     5 ||    58

Table legend: (Time is in decaauts)
 A = Elapsed time spent in this place.
 B = Non-inter-level travel time spent in this place.
 C = Inter-level travel time spent in this place.
 D = Time resting spent in this place.
 E = Time spent auto-exploring this place.
 F = Levels seen in this place.
 G = Mean time per level.
                   A        B        C        D        E       F      G
               +--------+--------+--------+--------+--------+-----+--------+
         Total |   1422 |   1358 |     64 |      8 |   1087 |   3 |  474.0 |
       Dungeon |   1422 |   1358 |     64 |      8 |   1087 |   3 |  474.0 |
               +--------+--------+--------+--------+--------+-----+--------+

Top non-repeatable levels by time:
     D:2: 889 daAuts
     D:1: 478 daAuts
     D:3: 54 daAuts
